 Seeded DCSS version 0.30.0-15-g856e2d3f33 (webtiles) character file.

Game seed: 12735965570273765983 (custom seed)

746 Pimp the Shooter (level 7, -5/46 HPs)
             Began as a Demonspawn Venom Mage on May 19, 2023.
             Was an Initiate of Okawaru.
             Killed by divine providence
             ... invoked by an orc priest
              (8 damage)
             ... on level 6 of the Dungeon.
             The game lasted 00:10:17 (4440 turns).

Pimp the Shooter (Demonspawn Venom Mage)            Turns: 4440, Time: 00:10:18

Health: -5/46      AC:  6    Str:  9      XL:     7   Next: 48%
Magic:  10/10      EV: 12    Int: 14 (16) God:    Okawaru [......]
Gold:   227        SH:  0    Dex: 15 (17) Spells: 6/10 levels left

rFire   . . .        c - +2 longbow (heavy)
rCold   . . .        (shield currently unavailable)
rNeg    . . .        a - +0 robe
rPois   .            g - +0 helmet
rElec   .            (no cloak)
rCorr   .            k - +1 pair of gloves
SInv    .            m - +0 pair of boots
Will    .....        (no amulet)
Stlth   +++          (no ring)
HPRegen 0.27/turn    (no ring)
MPRegen 0.12/turn

%: no passive effects
@: lethally poisoned (-5 -> -14)
A: thin skeletal structure 1, foul stench 1, demonic magic 1
a: Renounce Religion


You were on level 6 of the Dungeon.
You worshipped Okawaru.
Okawaru was noncommittal.
You visited 2 branches of the dungeon, and saw 7 of its levels.

You collected 227 gold pieces.

Inventory:

Hand Weapons
 c - a +2 heavy longbow (weapon)
 C - the +2 scimitar of Qeapla {drain, Drain rF++ Str+3 Stlth+}
   (You found it on level 5 of the Dungeon)

   Str:       It affects your strength (+3).
   rF:        It greatly protects you from fire.
   Drain:     It drains your maximum health when unequipped.
   Stlth:     It makes you more stealthy.
Armour
 a - a +0 robe (worn)
 g - a +0 helmet (worn)
 k - a +1 pair of gloves (worn)
 m - a +0 pair of boots (worn)
Magical Staves
 y - a staff of conjuration
Jewellery
 n - a ring of positive energy
Wands
 x - a wand of iceblast (8)
Scrolls
 d - 3 scrolls of identify {unknown}
 h - a scroll of teleportation {unknown}
 i - a scroll of blinking
 j - a scroll of noise {unknown}
 l - 2 scrolls of vulnerability {unknown}
 p - 2 scrolls of immolation {unknown}
 q - a scroll of brand weapon {unknown}
 s - 2 scrolls of enchant armour {unknown}
 t - a scroll of enchant weapon {unknown}
 u - a scroll of fear {unknown}
 w - a scroll of silence {unknown}
 A - a scroll of poison {unknown}
Potions
 b - 2 potions of magic
 e - a potion of degeneration
 f - a potion of haste
 o - a potion of curing
 r - a potion of mutation {unknown}
 v - a potion of berserk rage {unknown}
 z - a potion of lignification {unknown}
 B - a potion of brilliance {unknown}


   Skills:
 - Level 0.3 Fighting
 + Level 7.0 Ranged Weapons
 - Level 2.1 Dodging
 - Level 2.0 Stealth
 - Level 2.3 Spellcasting
 - Level 1.2 Transmutations
 - Level 3.2 Poison Magic


You had 6 spell levels left.
You knew the following spells:

 Your Spells              Type           Power      Damage    Failure   Level
a - Sting                 Tmut/Pois      28%        1d4       9%          1
b - Mephitic Cloud        Conj/Pois/Air  4%         N/A       41%         3

Your spell library contained the following spells:

 Spells                   Type           Power      Damage    Failure   Level
 Poisonous Vapours        Pois/Air       12%        N/A       19%         2
 Magic Dart               Conj           4%         1d3       24%         1
 Lesser Beckoning         Tloc           2%         N/A       34%         2
 Olgreb's Toxic Radiance  Pois           10%        N/A       52%         4
 Gell's Gravitas          Tloc           1%         N/A       56%         3
 Hailstorm                Conj/Ice       1%         3d3       56%         3
 Stone Arrow              Conj/Erth      2%         3d7       56%         3
 Teleport Other           Tloc           1%         N/A       56%         3
 Orb of Destruction       Conj           0%         9d5       100%        7
 Summon Small Mammal      Summ           Unusable   N/A       N/A         1
 Call Canine Familiar     Summ           Unusable   N/A       N/A         3
 Summon Guardian Golem    Hex/Summ       Unusable   N/A       N/A         3

Dungeon Overview and Level Annotations

Branches:
Dungeon (6/15)             Temple (1/1) D:5

Altars:
Dithmenos
Fedhas
Gozag
Hepliaklqana
Okawaru
Qazlal
Ru
Sif Muna
Uskayaw
Vehumet
Wu Jian
Xom
Yredelemnul

Annotations:
D:5 2 transporters, SprigganGuy's ghost, amateur DjAE


Innate Abilities, Weirdness & Mutations

You have a somewhat thin skeletal structure. (Dex +2, Stealth+)
You may rarely emit foul miasma when damaged in melee.
Spells you cast may paralyse adjacent enemies.


Message History

Eustachio growls, "To hell with you, honourless miscreant!"
Eustachio mumbles some strange words.
Fire: c) +2 longbow (heavy)
Press: ? - help, Q - select action, (/) - cycle Shift-Dir - straight line, f/p - Eustachio
Aim: Eustachio, wielding a +0 rapier and wearing a +0 leather armour (severely wounded, 51% to hit)
You shoot an arrow. The arrow hits Eustachio!!
You kill Eustachio!
Okawaru accepts your kill.
The rat disappears in a puff of smoke!
The rat disappears in a puff of smoke!
The bat disappears in a puff of smoke!
You feel your strength returning.
Your Ranged Weapons skill increases to level 7!
Unknown command.
You start resting.
Your extra speed is starting to run out.
You start resting.
You feel yourself slow down.
You start resting.
HP restored.
You climb downwards.
The bullfrog hits you. x2; The orc barely misses you.
There is a stone staircase leading up here.
You shoot an arrow. The arrow hits the bullfrog!
The bullfrog is moderately wounded.
The bullfrog barely misses you. The bullfrog hits you.
You emit a cloud of foul miasma!
The orc barely misses you.
The orc priest calls down the wrath of Beogh upon you.
Beogh smites you! The scorpion completely misses you.
The bullfrog is engulfed in dark miasma.
The bullfrog is poisoned.
The bullfrog hits you. The orc hits you with a +0 mace.
The bullfrog is engulfed in dark miasma.
The bullfrog looks even sicker.
The bullfrog hits you. The scorpion stings you.
* * * LOW HITPOINT WARNING * * *
You are lethally poisoned!
The scorpion poisons you! The orc hits you with a +0 mace.
* * * LOW HITPOINT WARNING * * *
You emit a cloud of foul miasma!
The orc priest mumbles some strange prayers to Beogh against you.
Beogh smites you!
You die...

##........
........
....o.. #.
## .....#
.^ ..
....# .#
#. ...#.#
#.#sF..#
#o@#
#........#
#.h#####.#
.... .....
..#...#
........
###.##.##


You could see a bullfrog (very poisoned), a scorpion, a hound, an orc priest and
an orc.

Vanquished Creatures
  Eustachio (D:5)
  A phantom (D:5)
  A scorpion (D:5)
  3 hounds (D:5)
  A gnoll bouda (D:4)
  A sleepcap (D:5)
  Jessica (D:3)
  Terence (D:2)
  An iguana (D:6)
  An orc wizard (D:5)
  4 adders
  8 gnolls
  2 worms
  A dart slug (D:3)
  16 orcs
  8 ball pythons
  3 bats
  4 endoplasms
  2 giant cockroaches
  8 goblins
  6 hobgoblins
  7 jackals
  6 kobolds
  7 quokkas
  4 frilled lizards
  5 rats
103 creatures vanquished.

Notes
Turn   | Place    | Note
-------+----------+-------------------------------------------
     0 | D:1      | Pimp the Demonspawn Venom Mage began the quest for the Orb.
     0 | D:1      | Reached XP level 1. HP: 13/13 MP: 3/3
    35 | D:1      | Identified 2 scrolls of acquirement
    35 | D:1      | Acquired the Parchment of Wounds
    37 | D:1      | Acquired a +2 heavy longbow
    50 | D:1      | Reached skill level 1 in Transmutations
    88 | D:1      | Gained mutation: Spells you cast may paralyse adjacent
                  | enemies. [demonic ancestry]
    88 | D:1      | Reached XP level 2. HP: 19/19 MP: 5/5
   454 | D:1      | Reached XP level 3. HP: 12/24 MP: 6/6
   724 | D:1      | Learned a level 3 spell: Mephitic Cloud
   732 | D:2      | Found a stormy altar of Qazlal.
   744 | D:2      | Noticed Terence
   840 | D:2      | Reached skill level 1 in Ranged Weapons
  1101 | D:2      | Reached skill level 2 in Ranged Weapons
  1316 | D:2      | Killed Terence
  1317 | D:2      | Gained mutation: You may rarely emit foul miasma when
                  | damaged in melee. [demonic ancestry]
  1317 | D:2      | Reached XP level 4. HP: 12/30 MP: 7/7
  1651 | D:3      | Noticed Jessica
  1653 | D:3      | Killed Jessica
  1654 | D:3      | Reached skill level 3 in Ranged Weapons
  1897 | D:3      | Reached XP level 5. HP: 35/35 MP: 8/8
  2384 | D:4      | Found a basalt altar of Yredelemnul.
  2491 | D:4      | Found a radiant altar of Vehumet.
  2551 | D:4      | Found a blossoming altar of Fedhas.
  2572 | D:4      | Found a shadowy altar of Dithmenos.
  2829 | D:4      | Found a hazy altar of Hepliaklqana.
  2948 | D:5      | Entered Level 5 of the Dungeon
  2969 | D:5      | Reached skill level 4 in Ranged Weapons
  3093 | D:5      | Found an ornate altar of the Wu Jian Council.
  3128 | D:5      | Found a hide-covered altar of Uskayaw.
  3151 | D:4      | Reached XP level 6. HP: 23/41 MP: 9/9
  3387 | D:5      | Found a staircase to the Ecumenical Temple.
  3405 | Temple   | Entered the Ecumenical Temple
  3445 | Temple   | Became a worshipper of Warmaster Okawaru
  3520 | D:5      | Reached skill level 5 in Ranged Weapons
  3559 | D:5      | Noticed SprigganGuy's ghost (amateur DjAE)
  3560 | D:5      | Identified the +6 great mace "Zabrocita" {flame, rPois rF-
                  | Str+3}
  3573 | D:5      | Found a transporter.
  3573 | D:5      | Found a transporter.
  4088 | D:5      | Identified the +2 scimitar of Qeapla {drain, Drain rF++
                  | Str+3 Stlth+}
  4221 | D:6      | Noticed Eustachio
  4223 | D:6      | Reached skill level 6 in Ranged Weapons
  4223 | D:6      | Gained mutation: You have a somewhat thin skeletal
                  | structure. (Dex +2, Stealth+) [demonic ancestry]
  4223 | D:6      | Reached XP level 7. HP: 46/46 MP: 10/10
  4334 | D:5      | Killed Eustachio
  4335 | D:5      | Reached skill level 7 in Ranged Weapons
  4440 | D:6      | Killed from afar by an orc priest

Illustrated notes

Levels and vault maps discovered:
D:1:      dpeg_arrival_long_road, layout_loops_cross, hex_tiny
D:2:      minmay_evil_eye, layout_basic, basic_altar, minmay_ruptured,
          uniq_terence
D:3:      layout_loops_ring, minmay_surrounded, uniq_jessica
D:4:      layout_cave_pools, mainiacjoe_overflow_brackets,
          mainiacjoe_overflow_24_doors, mainiacjoe_overflow_catwalk, minitemple
D:5:      layout_basic, eat_drink_and_be_merry_uskayaw, kennysheep_little_box,
          minmay_temple_entry_glassed_door, gammafunk_ghost_smash, minivault_25
D:6:      old_forge, layout_loops_corners, uniq_edmund, uniq_eustachio
Temple:   jpeg_temple_clearing

Skill      XL: |  1  2  3  4  5  6  7 |
---------------+----------------------+-----
Transmutations | 1 |  1.2
Stealth        | 2 |  2.0
Dodging        | 2 |  2.1
Ranged Weapons | 2 3 4 6 7 |  7.0
Fighting       | |  0.3
Spellcasting   | |  2.3
Poison Magic   | |  3.2

Action                     |  1- 3 |  4- 6 |  7- 9 || total
---------------------------+-------+-------+-------++-------
  Melee: Longbow           |       |       |     3 ||     3
   Fire: Longbow           |    71 |   127 |    23 ||   221
   Cast: Sting             |     2 |       |       ||     2
         Mephitic Cloud    |     1 |       |       ||     1
    Use: Scroll            |     3 |       |       ||     3
         Potion            |       |       |     3 ||     3
 Armour: Robe              |     7 |    17 |    18 ||    42
  Dodge: Dodged            |    36 |    78 |    47 ||   161
